AoeStats
← magor

Pilgrims

508901962Analyzed
2v2 RM · 9d ago on Sep 24, 2026· 34m 10s· 4 players
Game mode
Random Map
Map size
Medium (4 player)
Population
200
Speed
Normal
Resources
Standard
Victory
Conquest
Starting age
Dark Age
Ending age
Imperial Age
RankedLock teamsTeams togetherTeam positionsShared explorationLock speedFull tech treeHidden civsTurbo modeCheats
Victory
Defeat
🇪🇸 Berbers · Spain
658
+13
🇹🇷 Franks · Türkiye
446
+21
🇨🇿 Inca · Czechia
584
-17
🇨🇱 Vikings · Chile
567
-17
miaumiaumiau
15:20 Loom
17:45 Feudal Age
18:17 Town Watch
18:20 Fishing Lines
18:27 Fishing Lines
18:56 Double-Bit Axe
23:42 Man-at-Arms
24:14 Stone Mining
24:16 Gold Mining
32:21 Castle Age
31:59 Forging
31:50 Scale Mail Armor
32:20 Horse Collar
32:39 Fletching
32:49 Padded Archer Armor
33:00 Pikeman
34:18 Iron Casting
33:59 Chain Mail Armor
34:28 Gold Shaft Mining
34:04 Bow Saw
33:17 Crossbowman
magor
17:21 Feudal Age
20:26 Double-Bit Axe
21:01 Fishing Lines
23:30 Horse Collar
27:16 Wheelbarrow
26:28 Town Watch
Varitono
12:05 Feudal Age
10:50 Loom
12:48 Fishing Lines
14:42 Double-Bit Axe
16:02 Horse Collar
19:41 Forging
musaugal7
4:39 Loom
10:34 Feudal Age
12:02 Wheelbarrow
15:04 Man-at-Arms
16:14 Fishing Lines
18:12 Double-Bit Axe
18:17 Town Watch
22:58 Castle Age
23:47 Husbandry
25:38 Gambesons
25:14 Long Swordsman
30:35 Hand Cart
30:22 Town Patrol
Connection lost

Rejoining the realm…

Still unreachable

The connection could not be restored.

Session expired

The server has moved on; the page needs a fresh start.